[Event "Early-Titled-Tuesday-Blitz-February-06-2024"]
[Site "Chess.com"]
[Date "2024.02.06"]
[Round "2"]
[White "mac0504"]
[Black "RobertJFischer71"]
[Result "0-1"]
[WhiteElo "2727"]
[BlackElo "2550"]
[TimeControl "180+1"]
[EndTime "8:17:30 PST"]
[Termination "RobertJFischer71 won on time"]

1. c4 c6 2. b3 d5 3. Bb2 Nf6 4. e3 e6 5. g4 Nbd7 6. g5 Ne4 7. h4 a5 8. Bg2 a4 9. d3 a3 10. Bd4 Nd6 11. Nd2 Nf5 12. Bc3 b5 13. cxb5 cxb5 14.
Rc1 b4 15. Ba1 Ba6 16. e4 dxe4 17. dxe4 Ne7 18. Nc4 Ng6 19. Ne2 Rc8 20. Rh3 Bxc4 21. bxc4 Nge5 22. f4 Nxc4 23. Rd3 Ncb6 24. Rxc8 Qxc8 25.
Kf1 Qc4 26. h5 Qxa2 27. h6 Rg8 28. hxg7 Bxg7 29. Bxg7 Rxg7 30. e5 Qc4 31. Rd4 Qc5 32. Rd6 a2 33. Rc6 Qa5 0-1

[Event "Early-Titled-Tuesday-Blitz-February-06-2024"]
[Site "Chess.com"]
[Date "2024.02.06"]
[Round "2"]
[White "FLYD"]
[Black "jk13"]
[Result "1-0"]
[WhiteElo "2067"]
[BlackElo "2658"]
[TimeControl "180+1"]
[EndTime "8:17:30 PST"]
[Termination "FLYD won by checkmate"]

1. e4 e5 2. Nf3 Nc6 3. Bb5 a6 4. Ba4 Nf6 5. O-O b5 6. Bb3 Bc5 7. Nxe5 Nxe5 8. d4 Bxd4 9. Qxd4 d6 10. a4 c5 11. Qe3 c4 12. Ba2 O-O 13. Nc3 Bd7 14.
h3 Re8 15. Qg3 Bc6 16. Bg5 Kh8 17. Rad1 h6 18. Bxf6 Qxf6 19. Kh2 Rad8 20. axb5 axb5 21. Nd5 Bxd5 22. Rxd5 Ng6 23. Rxb5 Rxe4 24. b3 Qb2 25. Ra5 Qxc2 26. bxc4 Qe2 27. Rg1 Rf4 28. f3 Qd2 29. Ra7 Nh4 30. Kh1 Qd4 31. Rb7 Qe5 32.
c5 Nf5 33. Qh2 dxc5 34. Rxf7 c4 35. Bxc4 Rd2 36. Rf8+ Kh7 37. Bg8+ Kg6 38. Bf7+ Kg5 39. Re8 Qd6 40. Re6 Qd4 41. Rg6+ Kh4 42. g3+ Nxg3+ 43.
Qxg3+ Kh5 44. Rxh6+ Kxh6 45. Qg6# 1-0

[Event "Early-Titled-Tuesday-Blitz-February-06-2024"]
[Site "Chess.com"]
[Date "2024.02.06"]
[Round "2"]
[White "Huragan007"]
[Black "ActorXu"]
[Result "0-1"]
[WhiteElo "2597"]
[BlackElo "2873"]
[TimeControl "180+1"]
[EndTime "8:17:31 PST"]
[Termination "ActorXu won by resignation"]

1. e4 c5 2. b3 Nf6 3. Nc3 Nc6 4. Bb2 d6 5. Bb5 Bd7 6. f4 a6 7. Bxc6 Bxc6 8. Qe2 e6 9. Nf3 b5 10. e5 Nh5 11.
Qe3 g6 12. g4 Ng7 13. exd6 Bxd6 14. Ne4 Bxe4 15. Qxe4 O-O 16. O-O-O f5 17. gxf5 Rxf5 18. Ne5 Bxe5 19. Bxe5 Qd5 20. d3 Raf8 21. Rde1 Nh5 22.
Qxd5 exd5 23. Bd6 Rc8 24. Re7 Nxf4 25. Rhe1 c4 26. dxc4 dxc4 27. bxc4 Rxc4 28. Kb2 Nd5 29. Ra7 Rc8 30. Re6 Rf2 31. Kb1 Rfxc2 32. Re8+ Rxe8 33.
Kxc2 Re2+ 34. Kb3 Re3+ 35. Kb2 Nb6 36. Rxa6 Nc4+ 37. Kc2 Re2+ 38. Kc3 Nxd6 39. Rxd6 Rxa2 40. Rb6 Rxh2 41. Rxb5 Rf2 42. Kd4 Kg7 43. Ke3 Rf5 0-1

[Event "Early-Titled-Tuesday-Blitz-February-06-2024"]
[Site "Chess.com"]
[Date "2024.02.06"]
[Round "2"]
[White "Mops_2004"]
[Black "SabinaFoisor"]
[Result "1-0"]
[WhiteElo "2676"]
[BlackElo "2367"]
[TimeControl "180+1"]
[EndTime "8:17:31 PST"]
[Termination "Mops_2004 won by resignation"]

1. f4 d5 2. Nf3 c5 3. e3 g6 4. d4 Bg7 5. Be2 Nf6 6. Ne5 O-O 7.
Nc3 b6 8. h4 h5 9. Bf3 c4 10.
Nxc4 Bg4 11. Ne5 Bxf3 12. gxf3 Nbd7 13. Qd3 Nxe5 14. fxe5 Ne8 15. e4 Nc7 16. Bg5 dxe4 17. fxe4 Ne6 18. Be3 Rc8 19. O-O-O Qc7 20. Kb1 Qc4 21.
Nd5 Rfe8 22. Rhf1 Qxd3 23. cxd3 Nc7 24. Nc3 Rcd8 25. Rc1 Ne6 26. d5 Nc5 27. d4 Nd3 28. Rcd1 Nb4 29. Rf2 f6 30. e6 f5 31. a3 Na6 32. exf5 Nc7 33. Rg1 Nxd5 34. Nxd5 Rxd5 35. Rxg6 Kh7 36. Rg5 Bxd4 37. Rxh5+ Kg7 38. Rg2+ Kf6 39. Rg6+ Ke5 40. f6+ Kxe6 41. fxe7+ Kf7 42. Rxd5 Bxe3 43. Rgd6 Rxe7 44. Rd7 Bc5 45. h5 1-0

[Event "Early-Titled-Tuesday-Blitz-February-06-2024"]
[Site "Chess.com"]
[Date "2024.02.06"]
[Round "2"]
[White "Muslim_player_05"]
[Black "Nechitaylo_Nikita"]
[Result "1-0"]
[WhiteElo "2505"]
[BlackElo "2300"]
[TimeControl "180+1"]
[EndTime "8:17:31 PST"]
[Termination "Muslim_player_05 won by checkmate"]

1. d4 Nf6 2. c4 e6 3. Nc3 Bb4 4.
e3 O-O 5. Bd3 Re8 6. Ne2 d5 7.
O-O Nbd7 8. cxd5 exd5 9. Qb3 Bd6 10. Ng3 c6 11. Bd2 Nf8 12. Rae1 h5 13. Nf5 Bxf5 14.
Bxf5 g6 15. Bd3 b5 16. e4 dxe4 17. Nxe4 Nxe4 18. Bxe4 Bxh2+ 19. Kxh2 Qh4+ 20. Kg1 Rxe4 21. Bg5 Qxg5 22. Rxe4 Ne6 23. Rd1 Rd8 24. Qc3 Qd5 25. Re5 Qd6 26. d5 Nf4 27. Rde1 Qd7 28. dxc6 Qc8 29. c7 Rd7 30. Re8+ Kh7 31. Qh8# 1-0

[Event "Early-Titled-Tuesday-Blitz-February-06-2024"]
[Site "Chess.com"]
[Date "2024.02.06"]
[Round "2"]
[White "LikeWater"]
[Black "viktorgen2021"]
[Result "1-0"]
[WhiteElo "2824"]
[BlackElo "2571"]
[TimeControl "180+1"]
[EndTime "8:17:32 PST"]
[Termination "LikeWater won by resignation"]

1. g3 Nf6 2. Bg2 g6 3. b3 Bg7 4. Bb2 O-O 5. e4 e5 6. Ne2 d5 7. exd5 Nxd5 8. O-O Nc6 9. Nbc3 Be6 10. Ne4 Qe7 11.
d4 f5 12. Nc5 e4 13. Nxe6 Qxe6 14. c4 Ndb4 15. d5 Qe7 16. Bxg7 Qxg7 17. dxc6 Rad8 18.
Qc1 bxc6 19. Qc3 Qe7 20. Nf4 g5 21. Nh5 Rd3 22. Qb2 Rfd8 23. g4 Rd2 24. Qc3 Rc2 25.
Qe3 Rd3 26. Qxa7 e3 27. a3 Rdd2 28. axb4 Rxf2 29. Qa8+ Kf7 30. Kh1 Rxg2 31. Rxf5+ Ke6 32. Qc8+ Kd6 33. c5+ 1-0

[Event "Early-Titled-Tuesday-Blitz-February-06-2024"]
[Site "Chess.com"]
[Date "2024.02.06"]
[Round "2"]
[White "Adar_07"]
[Black "chess_blitz00"]
[Result "1-0"]
[WhiteElo "2716"]
[BlackElo "2481"]
[TimeControl "180+1"]
[EndTime "8:17:32 PST"]
[Termination "Adar_07 won by checkmate"]

1. e4 e5 2. Nf3 Nc6 3. Bb5 a6 4. Ba4 f5 5. d3 b5 6. Bb3 Na5 7. Bxg8 Rxg8 8. Nxe5 Qe7 9. Nf3 fxe4 10. dxe4 Qxe4+ 11. Be3 Nc4 12. O-O Nxe3 13. fxe3 Bb7 14. Qd2 Bc5 15. Nd4 O-O-O 16. Nc3 Qh4 17. a4 b4 18.
Nce2 Bd6 19. Nf4 Rdf8 20. Nf3 Qg4 21. Rae1 g5 22. Nd5 Qe4 23. c4 g4 24. Nh4 Bxh2+ 25.
Kh1 g3 26. Rxf8+ Rxf8 27. Nf4 Qe7 28. Nf3 Bxf3 29. gxf3 Qh4 30. Kg2 Qh6 31. Qd5 Bg1 32. Qa8# 1-0

[Event "Early-Titled-Tuesday-Blitz-February-06-2024"]
[Site "Chess.com"]
[Date "2024.02.06"]
[Round "2"]
[White "Rawnsdale"]
[Black "N_I_Chess"]
[Result "0-1"]
[WhiteElo "2505"]
[BlackElo "2338"]
[TimeControl "180+1"]
[EndTime "8:17:33 PST"]
[Termination "N_I_Chess won by checkmate"]

1. e4 Nf6 2. e5 Nd5 3. d4 d6 4. c4 Nb6 5. Nf3 g6 6. Be2 Bg7 7. exd6 cxd6 8. O-O O-O 9. Nc3 Bg4 10. b3 d5 11. c5 Nc8 12. Be3 Nc6 13. h3 Bxf3 14. Bxf3 e6 15. b4 N8e7 16. b5 Na5 17. Be2 Nf5 18.
g4 Nxe3 19. fxe3 e5 20. Rc1 Bh6 21. Rf3 e4 22. Rg3 Qh4 23. Kg2 Rad8 24. g5 Bxg5 25. Rg4 Qh6 26. Qf1 Bxe3 27. Rd1 Qg7 28. b6 axb6 29.
cxb6 Bxd4 30. Nb5 Bxb6 31. a4 Nc6 32. Rg3 Ne5 33. h4 d4 34. Bg4 f5 35. Bh3 f4 36.
Rg5 f3+ 37. Kh1 Qf6 38. Re1 Qf4 39. Rg4 Nxg4 40. Bxg4 Qxg4 41. Qc4+ Kh8 42. Rg1 Qh3# 0-1

[Event "Early-Titled-Tuesday-Blitz-February-06-2024"]
[Site "Chess.com"]
[Date "2024.02.06"]
[Round "2"]
[White "Goryachkina"]
[Black "alekroth65"]
[Result "1-0"]
[WhiteElo "2671"]
[BlackElo "2368"]
[TimeControl "180+1"]
[EndTime "8:17:35 PST"]
[Termination "Goryachkina won by resignation"]

1. e4 e5 2. Nf3 Nc6 3. d4 exd4 4.
Nxd4 Bc5 5. Be3 Qf6 6. c3 Nge7 7. Bb5 Bb6 8. O-O O-O 9. a4 Qg6 10. Nd2 a6 11. Bc4 Ne5 12. Be2 d5 13. a5 Ba7 14.
N4f3 Nxf3+ 15. Bxf3 Bxe3 16. fxe3 dxe4 17. Nxe4 Bf5 18.
Ng3 Rad8 19. Qc1 Bd3 20. Rd1 c6 21. e4 Bc4 22. Qe3 Nc8 23. Rd4 Be6 24. Rad1 Qf6 25. b4 Bb3 26. R1d2 Rxd4 27. cxd4 Bc4 28. e5 Qe6 29. h3 Ne7 30. Kh2 f5 31. Nh5 Nd5 32.
Bxd5 Bxd5 33. Qg5 Qg6 34. Qxg6 hxg6 35. Nf4 Bf7 36. h4 Rd8 37. Kg3 Kh7 38. Nh3 Bd5 39. Kf4 Kh6 40. g3 Kh5 41. Ng5 Rf8 42. Re2 Re8 43. e6 Re7 44. Re3 Re8 45. Ke5 Kg4 46. Kd6 f4 47. gxf4 Kxf4 48. Re1 Kg4 49. e7 Kxh4 50. Ne6 Bxe6 51. Kxe6 g5 52. Kf7 Rh8 53.
Rh1+ 1-0

[Event "Early-Titled-Tuesday-Blitz-February-06-2024"]
[Site "Chess.com"]
[Date "2024.02.06"]
[Round "2"]
[White "NowInChess"]
[Black "SouS007"]
[Result "1-0"]
[WhiteElo "2331"]
[BlackElo "2499"]
[TimeControl "180+1"]
[EndTime "8:17:35 PST"]
[Termination "NowInChess won by checkmate"]

1. e4 e6 2. d3 d5 3. Nd2 Nc6 4. Ngf3 Nf6 5. c3 e5 6. Be2 g5 7. h3 Rg8 8. Qc2 a5 9. g4 Be6 10. Nf1 Qd7 11. Ne3 O-O-O 12. Nf5 h6 13. Be3 dxe4 14.
dxe4 Nxe4 15. Qxe4 Bd5 16. Qc2 e4 17. N3d4 Ne5 18. O-O-O Nd3+ 19. Kb1 c5 20. Nb3 a4 21.
Nd2 Qe6 22. Nxe4 Bxa2+ 23. Ka1 Bb3 24. Qb1 Bxd1 25. Rxd1 c4 26. Bxd3 cxd3 27. Nc5 Bxc5 28. Bxc5 d2 29. Ne7+ Kb8 30. Nxg8 Rxg8 31. Rxd2 Re8 32.
Rd1 Qb3 33. Be3 Re6 34. Rd4 Qb5 35. Rb4 Qd7 36. Qe1 Rd6 37. Ka2 Rd1 38. Qe2 Qe6+ 39. Qc4 Qg6 40. Rxa4 Qb1+ 41. Ka3 Qa1+ 42. Kb3 Qxa4+ 43.
Qxa4 Rd6 44. Qe8+ Kc7 45. Qe7+ Kc6 46. Bd4 b5 47. Qxf7 b4 48. Qe8+ Rd7 49. cxb4 h5 50. Qxd7+ Kxd7 51. gxh5 Kc6 52. h6 g4 53. hxg4 Kd5 54.
h7 Ke4 55. h8=Q Kd3 56. Qe5 Kd2 57. Qe3+ Kd1 58. Qd3+ Ke1 59. Qc2 Kf1 60. f4 Ke1 61. f5 Kf1 62. f6 Ke1 63. f7 Kf1 64. f8=Q+ Ke1 65. Qff2# 1-0

[Event "Early-Titled-Tuesday-Blitz-February-06-2024"]
[Site "Chess.com"]
[Date "2024.02.06"]
[Round "2"]
[White "bennyficial"]
[Black "mbchess97"]
[Result "0-1"]
[WhiteElo "2121"]
[BlackElo "2432"]
[TimeControl "180+1"]
[EndTime "8:17:36 PST"]
[Termination "mbchess97 won on time"]

1. Nf3 Nf6 2. c4 e6 3. b3 d5 4. e3 c5 5. cxd5 Nxd5 6. Bb5+ Bd7 7. Bxd7+ Nxd7 8. Bb2 N7f6 9. O-O Bd6 10. a3 O-O 11. Nc3 Nxc3 12. Bxc3 a5 13. Qc2 Nd5 14. Be5 b5 15. Rfc1 Rc8 16. Qe4 Bxe5 17. Nxe5 Nf6 18. Qc2 Qd5 19. Qb2 Rfd8 20. Rc2 Ne4 21. d3 Nf6 22. Rac1 Nd7 23. Nxd7 Rxd7 24. Rd2 c4 25. bxc4 bxc4 26. d4 Rb7 27. Qc2 c3 28. Rd3 Rb3 29. h3 h6 30. Qa2 Qb5 31. Rdd1 Rb2 32.
Qa1 Qe2 33. Rf1 Qd2 34. a4 Rcb8 35. Qa3 R2b3 36. Qd6 c2 37. g3 Rb1 38. Kg2 R1b4 39. Qc7 Rb2 0-1

[Event "Early-Titled-Tuesday-Blitz-February-06-2024"]
[Site "Chess.com"]
[Date "2024.02.06"]
[Round "2"]
[White "wonderfultime"]
[Black "nekotyanof"]
[Result "1-0"]
[WhiteElo "3039"]
[BlackElo "2652"]
[TimeControl "180+1"]
[EndTime "8:17:37 PST"]
[Termination "wonderfultime won by resignation"]

1. d4 Nf6 2. Nf3 g6 3. Bg5 Ne4 4. Bf4 Bg7 5. Nbd2 d5 6. e3 O-O 7. Bd3 Nxd2 8. Qxd2 b6 9. h4 h5 10. Qe2 c5 11. c3 Bg4 12. Qc2 c4 13. Be2 Nd7 14.
Ng5 Bf5 15. Qd1 e5 16. dxe5 Nxe5 17. Bxe5 Bxe5 18. g4 hxg4 19. Bxg4 Bd3 20. Qf3 Qf6 21.
Qxf6 Bxf6 22. Rd1 Kg7 23. Be2 Bf5 24. Bf3 Rad8 25. Rxd5 Bxg5 26. hxg5 Be6 27. Rd4 Rh8 28. Rxh8 Rxh8 29. Kf1 Rh2 30. a4 Kf8 31. Kg1 Rh3 32. Kg2 Rh7 33. Be2 Ke7 34. Bxc4 Bh3+ 35. Kg3 Rh5 36.
Be2 Rh8 37. a5 Be6 38. axb6 axb6 39. Rb4 Rb8 40. e4 Kd7 41. f4 Kc6 42. Kf2 Kc5 43. f5 Rh8 44. fxe6 1-0

[Event "Early-Titled-Tuesday-Blitz-February-06-2024"]
[Site "Chess.com"]
[Date "2024.02.06"]
[Round "2"]
[White "Statham_01"]
[Black "Al_Shima"]
[Result "1-0"]
[WhiteElo "2531"]
[BlackElo "2335"]
[TimeControl "180+1"]
[EndTime "8:17:37 PST"]
[Termination "Statham_01 won by checkmate"]

1. e4 c5 2. Nf3 e6 3. c3 Nf6 4. e5 Nd5 5. d4 cxd4 6. cxd4 Nc6 7. Nc3 Nxc3 8. bxc3 d6 9. exd6 Bxd6 10. Bd3 h6 11. Qe2 O-O 12. O-O Re8 13. Ne5 Bxe5 14.
dxe5 Nxe5 15. Rd1 Nxd3 16. Rxd3 Qf6 17. Rf3 Qg6 18. Rg3 Qf6 19. Qh5 Kh7 20. Rf3 Qg6 21. Qe5 f6 22. Qb5 a6 23. Qe2 e5 24. Rg3 Qf5 25. Be3 Bd7 26. Rf3 Qe4 27. Rg3 Bc6 28.
Qh5 Re7 29. Rd1 Rc8 30. h4 b5 31. a3 Bb7 32. Kh2 a5 33. Rd6 Rc6 34. Rd8 Rce6 35. Rxg7+ Kxg7 36. Qxh6+ Kf7 37. Rf8# 1-0

[Event "Early-Titled-Tuesday-Blitz-February-06-2024"]
[Site "Chess.com"]
[Date "2024.02.06"]
[Round "2"]
[White "OparinGrigoriy"]
[Black "chess123456s"]
[Result "1-0"]
[WhiteElo "2995"]
[BlackElo "2535"]
[TimeControl "180+1"]
[EndTime "8:17:38 PST"]
[Termination "OparinGrigoriy won on time"]

1. a3 Nf6 2. c4 g6 3. b4 Bg7 4.
Bb2 O-O 5. Nf3 b6 6. g3 Bb7 7.
Bg2 a5 8. b5 d6 9. O-O e5 10. Nc3 Nbd7 11. d3 Nc5 12. a4 Nh5 13. Ba3 f5 14. Rc1 Kh8 15. Nd2 Bxg2 16. Kxg2 f4 17.
Bxc5 bxc5 18. Nde4 Qd7 19. f3 Nf6 20. Nxf6 Rxf6 21.
Ne4 Rf7 22. Qd2 h6 23. Rb1 Qd8 24. Rb3 g5 25. g4 Bf8 26. Rfb1 d5 27. cxd5 Qxd5 28.
b6 cxb6 29. Rxb6 c4 30. R1b5 Qd4 31. dxc4 Qxc4 32. Rxe5 Qxa4 33. Ree6 Qc4 34. Qb2+ Kg8 35. Nf6+ Kh8 36. Nh5+ Kg8 37. Rxh6 Bg7 38. Nxg7 Rxg7 39. Rhg6 Ra7 40. Qe5 a4 41. Rb8+ Kh7 42. Rxg7+ Rxg7 43.
Qf5+ Rg6 44. Rb7+ Kh8 45. Qf8+ Qg8 46. Qb4 a3 47. Rb8 1-0

[Event "Early-Titled-Tuesday-Blitz-February-06-2024"]
[Site "Chess.com"]
[Date "2024.02.06"]
[Round "2"]
[White "HajiyevKanan"]
[Black "wild3000"]
[Result "1-0"]
[WhiteElo "2598"]
[BlackElo "2364"]
[TimeControl "180+1"]
[EndTime "8:17:38 PST"]
[Termination "HajiyevKanan won on time"]

1. d4 Nf6 2. Nf3 b6 3. c4 Bb7 4. g3 e6 5. Bg2 Bb4+ 6. Bd2 Bxd2+ 7. Qxd2 O-O 8. Nc3 d5 9. Ne5 Nbd7 10. cxd5 Nxd5 11. Nxd5 exd5 12. O-O Nxe5 13. dxe5 Qe7 14. f4 Rad8 15. Rac1 c5 16. e3 f6 17. exf6 Rxf6 18. Rfe1 Rfd6 19. b4 Re6 20. Rb1 c4 21. Qd4 Qf6 22. a4 Qxd4 23. exd4 Rde8 24. Re5 Kf7 25.
Rbe1 Rxe5 26. fxe5 Ke7 27. Kf2 Rc8 28. Ke3 a6 29.
Bh3 Rf8 30. Bg4 Bc6 31. Bf3 Ke6 32. Bg4+ Ke7 33. Bf3 Ke6 34. Rf1 Rd8 35. Bg4+ Ke7 36. Bh5 g6 37. Bd1 a5 38. b5 Bd7 39. Rf6 Be6 40. g4 Rf8 41. g5 Rxf6 42. gxf6+ Kf7 43.
Bf3 h6 44. h4 Kf8 45. Kf4 Kf7 46. Bd1 Bf5 47. Bf3 Be6 48. Bg2 c3 49. Ke3 1-0

[Event "Early-Titled-Tuesday-Blitz-February-06-2024"]
[Site "Chess.com"]
[Date "2024.02.06"]
[Round "2"]
[White "Ezov"]
[Black "VinzentSpitzl"]
[Result "0-1"]
[WhiteElo "2183"]
[BlackElo "2451"]
[TimeControl "180+1"]
[EndTime "8:17:38 PST"]
[Termination "VinzentSpitzl won by resignation"]

1. d4 Nf6 2. Nc3 d5 3. Bf4 c5 4.
e3 a6 5. Qd2 Nc6 6. O-O-O e6 7.
f3 cxd4 8. exd4 Bd6 9. g4 b5 10. Nh3 O-O 11. Rg1 b4 12. Na4 a5 13. g5 Ne8 14. Nc5 Bxc5 15. dxc5 e5 16. Bg3 Nc7 17. f4 e4 18. Nf2 Bf5 19. Bh3 Qd7 20. Bxf5 Qxf5 21. Qe2 Rfe8 22. Qg4 Qxg4 23. Nxg4 d4 24. Ne5 Nxe5 25. fxe5 Ne6 26. h4 Rac8 27. Rge1 e3 28. Kb1 Rxc5 29. Rd3 Rec8 30. Re2 Kf8 31. b3 Ke7 32. Kb2 Rc3 33. a3 Rxd3 34. cxd3 Rc3 35. axb4 axb4 36. h5 Rxd3 37. g6 0-1

[Event "Early-Titled-Tuesday-Blitz-February-06-2024"]
[Site "Chess.com"]
[Date "2024.02.06"]
[Round "2"]
[White "Kopytkin"]
[Black "SantoBlue"]
[Result "0-1"]
[WhiteElo "2397"]
[BlackElo "2996"]
[TimeControl "180+1"]
[EndTime "8:17:39 PST"]
[Termination "SantoBlue won on time"]

1. e4 d6 2. d4 Nf6 3. Nc3 e5 4. Nf3 Nbd7 5. h3 Be7 6. Be3 c6 7. g4 b5 8. a3 O-O 9. Bg2 a5 10. dxe5 dxe5 11. O-O Ba6 12. Re1 b4 13. axb4 axb4 14.
Na4 Nxe4 15. Nxe5 Nxe5 16. Qxd8 Raxd8 17. Bxe4 Bb5 18. b3 g6 19. f4 Nd7 20. f5 Nf6 21. Bf3 Rfe8 22. Rad1 Nd5 23. Bxd5 cxd5 24. Bd4 Bh4 25.
Bf2 Rxe1+ 26. Rxe1 Bxf2+ 27. Kxf2 Rc8 28. Rc1 gxf5 29.
gxf5 Bxa4 30. bxa4 Kg7 31. Ke3 Kf6 32. Kd4 b3 33. c3 Rc4+ 34. Kxd5 Rxa4 35. Rb1 Ra3 36. c4 Ke7 37. c5 Kd7 38. f6 h5 39. Rb2 h4 40.
Rb1 Kc7 41. Rb2 Kd8 42. Rb1 Kd7 43. Rb2 Kc7 44. Re2 Ra1 45. Re7+ Kc8 46. c6 Rd1+ 47. Kc5 b2 48. Rb7 b1=Q 49. Rxb1 Rxb1 50. Kd6 Re1 0-1

[Event "Early-Titled-Tuesday-Blitz-February-06-2024"]
[Site "Chess.com"]
[Date "2024.02.06"]
[Round "2"]
[White "LeRoidesChampions"]
[Black "Elsa167"]
[Result "1-0"]
[WhiteElo "2618"]
[BlackElo "2877"]
[TimeControl "180+1"]
[EndTime "8:17:41 PST"]
[Termination "LeRoidesChampions won on time"]

1. d4 Nf6 2. c4 g6 3. Nc3 Bg7 4. e4 d6 5. h3 O-O 6. Nf3 e5 7.
d5 a5 8. Be3 Na6 9. Nd2 Nc5 10.
g4 Bd7 11. f3 c6 12. h4 Qb6 13. Na4 Nd3+ 14. Ke2 Qa6 15. Kxd3 cxd5 16. Nb6 d4 17. Nxd7 Nxd7 18. Bf2 b5 19. Ke2 bxc4 20. Ke1 d3 21.
Rc1 Rac8 22. Be3 d5 23. exd5 e4 24. Nxe4 f5 25. gxf5 gxf5 26. Ng5 f4 27. Bd2 Qb6 28. Ne6 Rfe8 29. Bh3 Bf6 30. Kf1 Kh8 31. Qe1 Ne5 32.
Bc3 Qe3 33. Qxe3 fxe3 34. f4 Nd7 35. Rg1 Bxc3 36. Rxc3 Nf6 37. Ng5 Rf8 38. Bxc8 1-0

[Event "Early-Titled-Tuesday-Blitz-February-06-2024"]
[Site "Chess.com"]
[Date "2024.02.06"]
[Round "2"]
[White "pavet"]
[Black "Predator0608"]
[Result "1-0"]
[WhiteElo "2755"]
[BlackElo "2541"]
[TimeControl "180+1"]
[EndTime "8:17:42 PST"]
[Termination "pavet won by checkmate"]

1. e4 c5 2. Nf3 d6 3. d4 cxd4 4. Nxd4 Nf6 5. Nc3 a6 6. Bg5 e6 7. Qe2 Nbd7 8. O-O-O Be7 9. f4 h6 10. Bh4 g5 11. fxg5 Nh7 12. g6 Bxh4 13. gxh7 Qa5 14. Kb1 Rxh7 15. g3 Bf6 16. h4 b5 17. Qh5 Ne5 18. Nb3 Qc7 19. Bd3 Rh8 20. Rhf1 Bg7 21. Bxb5+ Bd7 22. Bxd7+ Qxd7 23. Qe2 a5 24.
Qb5 a4 25. Qxd7+ Kxd7 26. Nc5+ Kc6 27. N5xa4 Rhb8 28. b3 Rb7 29. Nb2 Ng4 30. Rf3 Rba7 31. Nca4 Rb8 32. Rfd3 Be5 33. R1d2 f6 34. Nc3 Rba8 35. a4 Rb8 36. Nb5 Rd7 37. Nc4 Kc5 38.
Nxe5 Nxe5 39. Rxd6 Rdb7 40. Rxe6 Kb4 41. Kb2 Kc5 42.
Rd5+ Kb4 43. Rexe5 fxe5 44. Nc3 Rg8 45. Na2# 1-0

[Event "Early-Titled-Tuesday-Blitz-February-06-2024"]
[Site "Chess.com"]
[Date "2024.02.06"]
[Round "2"]
[White "evgchess5"]
[Black "Levanzovsky"]
[Result "1-0"]
[WhiteElo "2979"]
[BlackElo "2520"]
[TimeControl "180+1"]
[EndTime "8:17:43 PST"]
[Termination "evgchess5 won on time"]

1. e4 c5 2. Nf3 d6 3. Bb5+ Nd7 4.
d4 cxd4 5. Qxd4 a6 6. Be2 Ngf6 7.
O-O g6 8. e5 dxe5 9. Nxe5 Bg7 10. Nf3 O-O 11. Rd1 Qc7 12. Nc3 Qc6 13. Be3 b6 14. Qc4 Qxc4 15. Bxc4 Bb7 16. Be2 Rac8 17. h3 Nc5 18. Bd4 Rfd8 19. Ne5 Nfe4 20. Nxe4 Nxe4 21.
c3 b5 22. Nf3 b4 23. Bxg7 Kxg7 24. Rxd8 Rxd8 25. cxb4 Rc8 26. Bd3 Rd8 27. Rd1 f5 28.
Kf1 Kf6 29. Ke1 e5 30. Bc2 Rc8 31. Bb3 g5 32. Nh2 h5 33. f3 Ng3 34. Nf1 Nxf1 35.
Kxf1 Ke7 36. Ke2 h4 37. a3 e4 38. fxe4 Bxe4 39. Kf2 Kf6 40. Rd6+ Ke5 41. Rxa6 Rc1 42. Re6+ Kf4 43. Rd6 Rh1 44. Rd2 Rh2 45. Kg1 Kg3 46. Bd5 Bxd5 47. Rd3+ 1-0

[Event "Early-Titled-Tuesday-Blitz-February-06-2024"]
[Site "Chess.com"]
[Date "2024.02.06"]
[Round "2"]
[White "eagleclaw07"]
[Black "KbzasDavid16"]
[Result "1-0"]
[WhiteElo "2795"]
[BlackElo "2560"]
[TimeControl "180+1"]
[EndTime "8:17:44 PST"]
[Termination "eagleclaw07 won on time"]

1. d4 Nf6 2. c4 e6 3. g3 d5 4. Bg2 Be7 5. Nf3 O-O 6. O-O dxc4 7.
Qc2 a6 8. a4 Nc6 9. Qxc4 Na5 10.
Qc2 b6 11. Ne5 Bb7 12. Bxb7 Nxb7 13. Nc6 Qe8 14. e4 Bc5 15. e5 Nd5 16. Na5 Nxa5 17. dxc5 bxc5 18. Nd2 Nb4 19. Qxc5 Nac6 20. Nf3 Rd8 21. Bd2 Nd3 22. Qa3 Ndxe5 23. Nxe5 Nxe5 24. Bb4 Rd3 25. b3 Qc6 26. Qc1 Qd5 27. f4 Qd4+ 28. Rf2 Qxb4 29. fxe5 Rfd8 30. Qxc7 Rd1+ 31. Rxd1 Rxd1+ 32.
Rf1 Qd4+ 33. Kg2 Rd2+ 34. Kh3 h5 35. Qxf7+ Kh8 36. Qxh5+ Kg8 37. Rf4 Qg1 38. Qf7+ 1-0

[Event "Early-Titled-Tuesday-Blitz-February-06-2024"]
[Site "Chess.com"]
[Date "2024.02.06"]
[Round "2"]
[White "KubaGepard"]
[Black "PavelShkapenko"]
[Result "0-1"]
[WhiteElo "2555"]
[BlackElo "2783"]
[TimeControl "180+1"]
[EndTime "8:17:44 PST"]
[Termination "PavelShkapenko won by resignation"]

1. d4 d5 2. Nf3 Nf6 3. c4 dxc4 4. e3 Bg4 5. Bxc4 e6 6. Nc3 c5 7. Qa4+ Nbd7 8. Ne5 cxd4 9. exd4 a6 10. Nxg4 Nxg4 11. Qd1 Ngf6 12. O-O Bd6 13. Re1 O-O 14. Bb3 b5 15.
Qf3 Rc8 16. Bg5 Qc7 17. h3 Qb8 18. Rad1 a5 19. Ne4 Nxe4 20. Qxe4 Qa8 21. Qd3 Qb8 22.
Bc2 g6 23. Bb1 Bf4 24. h4 b4 25. Qf3 Bxg5 26. hxg5 Nb6 27. g3 Qd6 28. Re5 Nd7 29.
Rxa5 Rc4 30. d5 e5 31. b3 Rc3 32. Qe2 Rfc8 33. Ra6 Qe7 34. Ra7 Qd6 35. Be4 Nc5 36. Bg2 e4 37. Rd4 Re8 38. Rxb4 e3 39. f4 Rd3 40.
Rc4 Rd2 41. Qe1 Nd3 42. Qb1 e2 43. Re4 Rxe4 44. Ra8+ Kg7 45. Qa1+ Re5 46. fxe5 Qc5+ 47. Kh2 e1=Q 48. Qxe1 Nxe1 0-1

[Event "Early-Titled-Tuesday-Blitz-February-06-2024"]
[Site "Chess.com"]
[Date "2024.02.06"]
[Round "2"]
[White "GMAkobianSTL"]
[Black "tandaleo"]
[Result "1-0"]
[WhiteElo "2731"]
[BlackElo "2513"]
[TimeControl "180+1"]
[EndTime "8:17:44 PST"]
[Termination "GMAkobianSTL won by resignation"]

1. d4 d5 2. c4 e6 3. Nc3 h6 4.
Nf3 Nf6 5. cxd5 exd5 6. Bf4 Bd6 7.
Bg3 O-O 8. e3 c6 9. Qc2 Bxg3 10.
hxg3 Bg4 11. Ne5 Nbd7 12. Nxg4 Nxg4 13. Be2 Ngf6 14. O-O Re8 15. b4 a6 16. a4 b5 17. a5 Rc8 18. Rfc1 Ne4 19. Nxe4 Rxe4 20. Bd3 Re8 21. Bf5 Qe7 22. Qb3 g6 23. Bxd7 Qxd7 24. Rc5 Re6 25. Rac1 Rd6 26. Qc2 Kg7 27. Qc3 Kh7 28.
Kf1 h5 29. Ke1 Kg7 30. e4 dxe4 31. d5+ Kh7 32. dxc6 Qe6 33. c7 Rd3 34. Qe5 Qd7 35. R5c2 e3 36. fxe3 Re8 37. Qxe8 Qxe8 38. c8=Q Qxe3+ 39. Kf1 Qxg3 40. Kg1 Qe3+ 41. Rf2 Rd2 42. Rf1 h4 43.
Qc5 1-0

[Event "Early-Titled-Tuesday-Blitz-February-06-2024"]
[Site "Chess.com"]
[Date "2024.02.06"]
[Round "2"]
[White "BilodeauA"]
[Black "Philippians46"]
[Result "0-1"]
[WhiteElo "2990"]
[BlackElo "2585"]
[TimeControl "180+1"]
[EndTime "8:17:44 PST"]
[Termination "Philippians46 won by resignation"]

1. e4 c5 2. Nf3 d6 3. d4 cxd4 4.
Nxd4 Nf6 5. Nc3 a6 6. Nb3 e6 7. g4 b5 8. g5 Nfd7 9. a3 Bb7 10. Be3 Nc6 11. Qd2 Nce5 12. O-O-O Rc8 13. f4 Nc4 14. Bxc4 Rxc4 15. Qd3 Be7 16. h4 Qc7 17. Nd2 Nc5 18. Bxc5 Rxc5 19. h5 O-O 20. Qh3 f5 21. gxf6 Bxf6 22. Nb3 Rc4 23. Qxe6+ Kh8 24. Qxd6 Qc8 25.
Qd7 Bxe4 26. Qxc8 Rfxc8 27. Rh3 Bf5 28. Rg3 h6 29. Nd2 Rxf4 30. Rf1 Rxf1+ 31. Nxf1 Be5 32. Rf3 Bg4 33. Rf2 Bxh5 34. Nd5 Rd8 35. Nfe3 Bg6 36. Nb4 Rd6 37. c3 Kh7 38. Ng2 Bf6 39. Nc2 Bg5+ 40. Nce3 Be4 41. b4 Bxg2 42. Rxg2 Bxe3+ 43. Kc2 h5 44. c4 bxc4 45. Kc3 h4 46. Kxc4 h3 47. Rg3 h2 48. Rh3+ Rh6 0-1